 Dungeon Crawl Stone Soup version 0.26-a0-958-gf3041fb45f (webtiles) character file.

Game seed: 11113286577064828219

30 KristoblXynda the Slasher (level 3, -3/30 HPs)
             Began as a Draconian Gladiator on Nov 30, 2020.
             Was an Initiate of Ashenzari.
             Slain by a scorpion (5 damage)
             ... on level 2 of the Dungeon.
             The game lasted 00:02:07 (741 turns).

KristoblXynda the Slasher (Draconian Gladiator)      Turns: 741, Time: 00:02:09

Health: -3/30      AC:  5    Str: 13 (14) XL:     3   Next: 5%
Magic:  2/2        EV: 12    Int:  6 (9)  God:    Ashenzari [......]
Gold:   76         SH:  0    Dex:  9 (12) Spells: 2/2 levels left

rFire    . . .     SeeInvis .   a - +0 long sword
rCold    . . .     Faith    .   (no shield)
rNeg     . . .     Spirit   .   (armour unavailable)
rPois    .         Reflect  .   b - +0 hat
rElec    .         Harm     .   (no cloak)
rCorr    .         Rampage  .   (no gloves)
MR       .....                  (no boots)
Stlth    +.........             (no amulet)
HPRegen  0.10/turn              (no ring)
MPRegen  0.08/turn              (no ring)

@: lethally poisoned (-3 -> -8)
A: unfitting armour, talons 1, blink, low mp 1, weak 1, cold-blooded, AC +5
a: Blink, Curse Item, Renounce Religion


You were on level 2 of the Dungeon.
You worshipped Ashenzari.
Ashenzari was noncommittal.
You visited 1 branch of the dungeon, and saw 2 of its levels.

You collected 76 gold pieces.

Inventory:

Hand Weapons
 a - a +0 long sword (weapon)
Missiles
 c - 2 throwing nets (quivered)
Armour
 b - a +0 hat (worn)


   Skills:
 + Level 2.7 Fighting
 * Level 3.5 Long Blades
 - Level 2.0 Throwing
 + Level 3.0 Dodging


You had 2 spell levels left.
You didn't know any spells.
Your spell library was empty.

Dungeon Overview and Level Annotations

Branches:
Dungeon (1/15)

Altars:
Ashenzari


Innate Abilities, Weirdness & Mutations

Your plain brown scales are hard. (AC +5)
You cannot fit into any form of body armour.
You are cold-blooded and may be slowed by cold attacks.
You have sharp toenails.
You can translocate small distances at will.
Your magical capacity is low. (-10% MP)
You are weak. (Str -2)


Message History

You barely miss the scorpion.
The scorpion is lightly wounded.
* * * LOW HITPOINT WARNING * * *
You feel sick. The scorpion stings you.
* * * LOW HITPOINT WARNING * * *
You hit the scorpion. You claw the scorpion.
The scorpion is severely wounded.
The scorpion stings you but does no damage.
You closely miss the scorpion.
The scorpion is severely wounded.
* * * LOW HITPOINT WARNING * * *
You feel sick.
The scorpion stings you but does no damage.
You closely miss the scorpion.
The scorpion is severely wounded.
* * * LOW HITPOINT WARNING * * *
You feel sick.
The scorpion stings you but does no damage.
The scorpion stings you.
You die...

.....≈≈≈#***,***,*.#**,,,*****,,,
.≈......## #,* *,*.##*..,******,,
.≈≈......# #.#####..,...,*,,,**,*
.≈.......###.#.....##...,+,*,**,,
..>..S...#.#............,≈≈≈≈≈≈≈,
.........#.#............,*,≈≈,,*,
#.#≈#..)##.....###....##**≈,,,,,,
#.#≈#...##.....#_#......***,,,,,,
#.#≈##...#.....#@#....##* **,,,**
###≈≈###.#.#####s######## ******
# #≈≈# #........S.......# *
###≈≈# ###..........#...### *
#≈##≈#####.##...#.........#
#≈##≈#..........+.........#
#≈##≈#..........#.........# ****
#≈##≈#..........#.........# *,,,
#≈≈#≈#..........#.........# *,,,


You could see a scorpion and an adder.

Vanquished Creatures
  A dart slug (D:1)
  A giant cockroach (D:1)
  5 goblins (D:1)
  5 hobgoblins
  2 jackals (D:1)
  A quokka (D:2)
  2 ball pythons (D:1)
  2 bats (D:1)
  2 frilled lizards (D:1)
  2 kobolds (D:1)
  4 rats (D:1)
27 creatures vanquished.

Notes
Turn   | Place    | Note
-------+----------+-------------------------------------------
     0 | D:1      | KristoblXynda the Draconian Gladiator began the quest for
                  | the Orb.
     0 | D:1      | Reached XP level 1. HP: 17/17 MP: 1/1
    51 | D:1      | Reached XP level 2. HP: 16/25 MP: 2/2
   610 | D:1      | You fall into a shaft and drop 1 floor!
   630 | D:2      | Reached XP level 3. HP: 29/30 MP: 3/3
   707 | D:2      | Found a broken altar of Ashenzari.
   710 | D:2      | Became a worshipper of Ashenzari the Shackled
   718 | D:2      | Noticed a scorpion
   736 | D:2      | Gained mutation: Your magical capacity is low. (-10% MP)
                  | [potion of mutation]
   736 | D:2      | Gained mutation: You can translocate small distances at
                  | will. [potion of mutation]
   736 | D:2      | Gained mutation: You are weak. (Str -2) [potion of
                  | mutation]
   736 | D:2      | Gained mutation: You have sharp toenails. [potion of
                  | mutation]
   741 | D:2      | Slain by a scorpion

Illustrated notes

Levels and vault maps discovered:
D:1:      psy_arrival_basics, layout_rooms
D:2:      minmay_chambers_of_twos, layout_basic, ashenzari_conservatory_becter,
          chequers_ecumenical_altar_twisty, serial_rivers,
          chequers_serial_rivers_large_a, chequers_serial_rivers_small_b,
          chequers_serial_rivers_micro_e, chequers_serial_rivers_small_b,
          chequers_serial_rivers_room_b, chequers_serial_rivers_large_b

Skill      XL: |  1  2 |
---------------+-------+-----
Throwing       | 2 |  2.0
Dodging        | 3 |  3.0
Fighting       | |  2.7
Long Blades    | |  3.5

Action                   || total
-------------------------++-------
Melee: Long sword        ||    71
       Tailslap          ||    11
       Kick              ||     1
Throw: Throwing net      ||     1
  Use: Potion            ||     3
       Scroll            ||     1
 Stab: Sleeping          ||     1
Armor: Skin              ||    17
Dodge: Dodged            ||    58
       Rpst.: Long sword ||    24

Table legend: (Time is in decaauts)
 A = Elapsed time spent in this place.
 B = Non-inter-level travel time spent in this place.
 C = Inter-level travel time spent in this place.
 D = Time resting spent in this place.
 E = Time spent auto-exploring this place.
 F = Levels seen in this place.
 G = Mean time per level.
                   A        B        C        D        E       F      G
               +--------+--------+--------+--------+--------+-----+--------+
         Total |    781 |    781 |      0 |      0 |    563 |   2 |  390.5 |
       Dungeon |    781 |    781 |      0 |      0 |    563 |   2 |  390.5 |
               +--------+--------+--------+--------+--------+-----+--------+

Top non-repeatable levels by time:
     D:1: 622 daAuts
     D:2: 158 daAuts
